 Dungeon Crawl Stone Soup version 0.28-a0-938-gbc3f381ebc (webtiles) character file.

Game seed: 17645634736036090858

1500 ders the Geomancer (level 8, -3/41 HPs)
             Began as a Gargoyle Earth Elementalist on Nov 28, 2021.
             Was a Follower of Vehumet.
             Shot with an arrow by a centaur (6 damage)
             ... on level 6 of the Dungeon.
             The game lasted 00:10:16 (7044 turns).

ders the Geomancer (Gargoyle Earth Elementalist)    Turns: 7044, Time: 00:10:17

Health: -3/41      AC:  9    Str: 12    XL:     8   Next: 81%
Magic:  0/16       EV: 11    Int: 18    God:    Vehumet [*.....]
Gold:   367        SH:  0    Dex: 10    Spells: 11/18 levels left

rFire   . . .      SeeInvis .   j - +7 spear
rCold   . . .      Faith    .   (no shield)
rNeg    + . .      Spirit   .   b - +0 robe
rPois   ∞          Reflect  .   (no helmet)
rElec   +          Harm     .   (no cloak)
rCorr   .          Rampage  .   (no gloves)
Will    .....                   h - +1 pair of boots
Stlth   ++........              (no amulet)
HPRegen 0.13/turn               (no ring)
MPRegen 0.15/turn               (no ring)

@: about to teleport
A: sickness immunity, AC +5, negative energy resistance 1, electricity
resistance, torment resistance 1, petrification resistance
a: Renounce Religion


You were on level 6 of the Dungeon.
You worshipped Vehumet.
Vehumet was aware of your devotion.
You visited 1 branch of the dungeon, and saw 7 of its levels.

You collected 367 gold pieces.

Inventory:

Hand Weapons
 e - a +0 dagger
 j - a +7 spear (weapon)
Missiles
 c - 100 stones
Armour
 b - a +0 robe (worn)
 h - a +1 pair of boots (worn)
Wands
 i - a wand of flame (17)
Potions
 a - a potion of magic
 d - a potion of lignification {unknown}
 g - 3 potions of brilliance
 k - 4 potions of degeneration
 l - a potion of might {unknown}
 o - a potion of mutation {unknown}


   Skills:
 - Level 1.5 Dodging
 - Level 2.1 Stealth
 + Level 5.9 Spellcasting
 + Level 6.5 Conjurations
 - Level 0.7 Transmutations
 + Level 8.2 Earth Magic


You had 11 spell levels left.
You knew the following spells:

 Your Spells              Type           Power      Damage    Failure   Level
a - Sandblast             Erth           70%        2d15      1%          1
b - Stone Arrow           Conj/Erth      64%        3d11      1%          3
c - Frozen Ramparts       Ice            10%        1d3       36%         3

Your spell library contained the following spells:

 Spells                   Type           Power      Damage    Failure   Level
 Shock                    Conj/Air       68%        1d7       3%          1
 Passwall                 Tmut/Erth      17%        N/A       3%          2
 Beastly Appendage        Tmut           14%        N/A       9%          1
 Freeze                   Ice            20%        1d4       12%         1
 Wereblood                Tmut           7%         N/A       14%         2
 Petrify                  Tmut/Erth      21%        N/A       19%         4
 Spider Form              Tmut/Pois      6%         N/A       30%         3
 Hailstorm                Conj/Ice       17%        3d6       30%         4
 Borgnjor's Revivificati  Necr           2%         N/A       100%        8
 Necromutation            Tmut/Necr      3%         N/A       100%        8
 Death's Door             Necr           2%         N/A       100%        9


Dungeon Overview and Level Annotations

Branches:
Dungeon (7/15)             Temple (0/1) D:5

Altars:
Fedhas
Hepliaklqana
Kikubaaqudgha
Ru
Sif Muna
Vehumet
Zin
The Shining One
Lugonu

Portals:
Abyss: D:4

Annotations:
D:6 Maggie


Innate Abilities, Weirdness & Mutations

You are immune to sickness and miasma.
Your stone body is resilient. (AC +5)
You are immune to poison.
You resist negative energy. (rN+)
You are resistant to electric shocks. (rElec)
You are resistant to unholy torment.
You are immune to petrification.


Message History

Press: ? - help, Shift-Dir - straight line, f - white imp
Aim: a white imp (asleep, 100% to hit)
The stone arrow hits the white imp!!
You kill the white imp!
Vehumet accepts your kill.
Unknown command.
You start resting.
A centaur is nearby!
Casting: Stone Arrow (safe; 1% risk of failure)
Confirm with . or Enter, or press ? or * to list all spells.
You don't have enough magic to cast this spell.
Casting: Stone Arrow (safe; 1% risk of failure)
Confirm with . or Enter, or press ? or * to list all spells.
Aiming: Sandblast (safe; 1% risk of failure)
Press: ? - help, Shift-Dir - straight line, f - centaur
Aim: a centaur, wielding a +0 shortbow and quivering arrows (89% to hit)
The blast of sand hits the centaur.
The centaur is lightly wounded.
Unknown command.
Casting: Sandblast (safe; 1% risk of failure)
Confirm with . or Enter, or press ? or * to list all spells.
Aiming: Sandblast (safe; 1% risk of failure)
Press: ? - help, Shift-Dir - straight line, f/p - centaur
Aim: a centaur, wielding a +0 shortbow and quivering arrows (lightly wounded, 89% to hit)
The blast of sand hits the centaur!
The centaur is heavily wounded.
The centaur unwields a +0 shortbow.
The centaur closely misses you.
The centaur kicks you but does no damage.
Unknown command.
Casting: Sandblast (safe; 1% risk of failure)
Confirm with . or Enter, or press ? or * to list all spells.
You don't have enough magic to cast this spell.
Okay, then.
As you read the scroll of teleportation, it crumbles to dust.
You feel strangely unstable.
The centaur hits you but does no damage.
The centaur closely misses you. x2; The centaur barely misses you.
The centaur wields a +0 shortbow.
The centaur shoots an arrow.
The arrow hits you.
You die...

#. ... .. .. ... ...
.##.. #... .... .....
. #... #######.....
...##... #...........
........ #.c.⌠...≈≈..
#.. #.#.@..≈≈≈.. #..
#.##..≈≈≈≈≈. . #..
#.##...≈≈≈≈. ....#..
##.#..≈≈≈≈≈≈. #.....
#..#.≈....... #...Y..
#.c#._.....⌠..........
#..#....##............
#..########...........
#.....................


You could see a centaur.

Vanquished Creatures
  Edmund (D:5)
  A water moccasin (D:7)
  An ice beast (D:6)
  A necrophage (D:4)
  A centaur (D:6)
  2 ogres (D:5)
  2 scorpions
  2 water moccasin skeletons
  A wight (D:6)
  3 hounds
  5 orc priests
  A bullfrog skeleton (D:4)
  Jessica (D:2)
  Natasha (thrice) (D:3)
  2 hound skeletons
  3 gnolls (D:6)
  7 adders
  A shadow imp (D:6)
  2 white imps (D:6)
  2 ufetubi
  An adder skeleton (D:4)
  2 worms
  2 dart slugs
  13 orcs
  5 bats
  3 endoplasms
  4 giant cockroaches
  4 goblins
  6 hobgoblins
  4 jackals (D:2)
  18 kobolds
  3 quokkas
  4 ball pythons
  4 frilled lizards
  2 rats
117 creatures vanquished.

Notes
Turn   | Place    | Note
-------+----------+-------------------------------------------
     0 | D:1      | ders the Gargoyle Earth Elementalist began the quest for
                  | the Orb.
     0 | D:1      | Reached XP level 1. HP: 10/10 MP: 3/3
   572 | D:1      | Reached XP level 2. HP: 15/15 MP: 3/5
   590 | D:1      | Reached skill level 1 in Conjurations
   703 | D:1      | Found a faded altar of an unknown god.
  1095 | D:2      | Noticed Jessica
  1102 | D:2      | Killed Jessica
  1103 | D:2      | Reached skill level 4 in Earth Magic
  1103 | D:2      | Reached XP level 3. HP: 19/19 MP: 3/6
  1388 | D:2      | Reached XP level 4. HP: 24/24 MP: 3/8
  2145 | D:3      | Found a shimmering blue altar of Sif Muna.
  2366 | D:3      | Reached XP level 5. HP: 28/28 MP: 4/9
  2507 | D:3      | Reached skill level 5 in Earth Magic
  2920 | D:3      | Noticed Natasha
  2926 | D:3      | Killed Natasha
  3049 | D:3      | Noticed Natasha
  3055 | D:3      | Killed Natasha
  3118 | D:3      | Noticed Natasha
  3123 | D:3      | Killed Natasha
  3124 | D:3      | Reached XP level 6. HP: 31/32 MP: 7/11
  3314 | D:4      | Learned a level 3 spell: Stone Arrow
  3318 | D:4      | Learned a level 3 spell: Frozen Ramparts
  3497 | D:4      | Found a glowing golden altar of the Shining One.
  3498 | D:4      | Found a radiant altar of Vehumet.
  3498 | D:4      | Found a glowing silver altar of Zin.
  3501 | D:4      | Found a blossoming altar of Fedhas.
  3509 | D:4      | Became a worshipper of Vehumet
  3547 | D:4      | Noticed a necrophage
  3549 | D:4      | Killed a necrophage
  3725 | D:4      | Found a one-way gate to the infinite horrors of the Abyss.
  3754 | D:4      | Reached skill level 6 in Earth Magic
  3855 | D:4      | Found a large runed translucent door.
  3856 | D:4      | Found a large runed translucent door.
  3868 | D:4      | Reached XP level 7. HP: 36/36 MP: 1/13
  3977 | D:4      | Found a corrupted altar of Lugonu.
  4400 | D:4      | Found a hazy altar of Hepliaklqana.
  4774 | D:5      | Entered Level 5 of the Dungeon
  4914 | D:5      | Noticed Edmund
  4926 | D:5      | Killed Edmund
  4927 | D:5      | Reached skill level 5 in Conjurations
  5052 | D:5      | Found a sacrificial altar of Ru.
  5121 | D:5      | Reached skill level 7 in Earth Magic
  5161 | D:5      | Reached XP level 8. HP: 41/41 MP: 8/15
  5268 | D:5      | Found a staircase to the Ecumenical Temple.
  5796 | D:6      | Reached skill level 5 in Spellcasting
  6109 | D:6      | Reached * piety under Vehumet
  6109 | D:6      | Offered knowledge of Shock by Vehumet.
  6274 | D:6      | Noticed a brown ugly thing
  6879 | D:7      | Reached skill level 8 in Earth Magic
  7016 | D:6      | Noticed Maggie
  7035 | D:6      | HP: 2/41 [centaur/arrow (6)]
  7037 | D:6      | Found an ancient bone altar of Kikubaaqudgha.
  7044 | D:6      | Shot with an arrow by a centaur

Illustrated notes

Levels and vault maps discovered:
D:1:      evilmike_arrival_hilbert_curve, layout_basic,
          shapermc_ecumenical_altar_mp_vishouse, solitary_fountain
D:2:      layout_basic, uniq_jessica
D:3:      layout_basic, nicolae_sif_muna_condensation, uniq_natasha
D:4:      due_chaos_kobolds, layout_loops_ring,
          chequers_temple_overflow_statue_of_worship,
          nicolae_hepliaklqana_hippocampus
D:5:      layout_basic, mainiacjoe_overflow_chevrons, minmay_temple_entry_ruins,
          hex_intersection, uniq_edmund
D:6:      layout_cave_pools, kiku_gazebo_pond_becter, uniq_maggie,
          uniq_eustachio, uniq_menkaure
D:7:      layout_loops_ring, nicolae_concentric_dashed_squares_wild,
          kennysheep_generic_room_6

Skill      XL: |  1  2  3  4  5  6  7  8 |
---------------+-------------------------+-----
Conjurations   | 1 2 3 4 5 6 |  6.5
Earth Magic    | 4 5 6 7 8 |  8.2
Spellcasting   | 3 4 5 |  5.9
Dodging        | |  1.5
Stealth        | |  2.1
Transmutations | |  0.7

Action                   |  1- 3 |  4- 6 |  7- 9 || total
-------------------------+-------+-------+-------++-------
Melee: Dagger            |    11 |       |       ||    11
       Spear             |     3 |     8 |    19 ||    30
 Cast: Sandblast         |    25 |    96 |    24 ||   145
       Stone Arrow       |       |    12 |    55 ||    67
  Use: Scroll            |       |       |    20 ||    20
 Stab: Sleeping          |       |     1 |       ||     1
Armor: Robe              |     8 |    15 |    22 ||    45
Dodge: Dodged            |    19 |    17 |    33 ||    69

Table legend: (Time is in decaauts)
 A = Elapsed time spent in this place.
 B = Non-inter-level travel time spent in this place.
 C = Inter-level travel time spent in this place.
 D = Time resting spent in this place.
 E = Time spent auto-exploring this place.
 F = Levels seen in this place.
 G = Mean time per level.
                   A        B        C        D        E       F      G
               +--------+--------+--------+--------+--------+-----+--------+
         Total |   7047 |   6861 |    186 |   1609 |   4526 |   7 | 1006.7 |
       Dungeon |   7047 |   6861 |    186 |   1609 |   4526 |   7 | 1006.7 |
               +--------+--------+--------+--------+--------+-----+--------+

Top non-repeatable levels by time:
     D:4: 1568 daAuts
     D:5: 1298 daAuts
     D:3: 1166 daAuts
     D:2: 1023 daAuts
     D:1: 1016 daAuts
     D:7: 664 daAuts
     D:6: 309 daAuts
